 Dungeon Crawl Stone Soup version 0.23-a0-139-ga22e90c (webtiles) character file.

1526 Amnesiac the Magician (level 8, -7/52 HPs)
             Began as a Mummy Air Elementalist on Aug 30, 2018.
             Was a Follower of Sif Muna.
             Mangled by a killer bee (9 damage)
             ... on level 7 of the Dungeon.
             The game lasted 00:08:56 (5500 turns).

Amnesiac the Magician (Mummy Air Elementalist)      Turns: 5500, Time: 00:08:57

Health: -7/52      AC:  5    Str: 16    XL:     8   Next: 55%
Magic:  1/19       EV: 12    Int: 17    God:    Sif Muna [*.....]
Gold:   261        SH:  0    Dex: 12    Spells: 10/22 levels left

rFire    x . .     SeeInvis +   g - +0 quarterstaff of Doom {flame, Str+5 SInv} (curse)
rCold    + . .     Gourm    .   (shield currently unavailable)
rNeg     + + +     Faith    .   a - +0 robe
rPois    ∞         Spirit   .   (no helmet)
rElec    .         Reflect  .   j - +0 cloak
rCorr    .         Harm     .   (no gloves)
MR       +....                  (no boots)
Stlth    ++........             (no amulet)
HPRegen  0.17/turn              o - +2 ring of protection
MPRegen  0.16/turn              (no ring)

@: divine energy
A: no food or potions, fire vulnerability, cold resistance 1, negative energy
resistance 3, torment resistance, unbreathing
a: Stop Divine Energy, Renounce Religion


You were on level 7 of the Dungeon.
You worshipped Sif Muna.
Sif Muna was aware of your devotion.
You were not hungry.

You visited 2 branches of the dungeon, and saw 8 of its levels.

You collected 261 gold pieces.

Inventory:

Hand Weapons
 b - a +1 whip of draining
 g - the cursed +0 quarterstaff of Doom (weapon) {flame, Str+5 SInv}
   (You found it on level 4 of the Dungeon)

   It has been specially enchanted to burn those struck by it, causing extra
   injury to most foes and up to half again as much damage against particularly
   susceptible opponents.
   It affects your strength (+5).
   It lets you see invisible.
   It has a curse placed upon it.
 i - a cursed -2 dagger
 m - a +0 scimitar
Missiles
 c - 5 tomahawks of returning (quivered)
Armour
 a - a +0 robe (worn)
 j - a +0 cloak (worn)
 l - a +0 pair of gloves
 q - a +0 pair of boots
Jewellery
 o - a +2 ring of protection (left hand)
Wands
 p - a wand of iceblast (8)
 r - a wand of polymorph (14)
Scrolls
 d - a scroll of identify {!r}
 e - a scroll of amnesia {!r}
 f - a scroll of immolation {!r, unknown}
 h - a scroll of fear {!r}
 k - 3 scrolls of remove curse {!r}
 n - a scroll of teleportation {!r, unknown}


   Skills:
 - Level 1.5 Dodging
 - Level 1.5 Stealth
 + Level 7.8 Spellcasting
 - Level 0.7 Conjurations
 * Level 7.8 Air Magic


You had 10 spell levels left.
You knew the following spells:

 Your Spells              Type           Power        Failure   Level  Hunger
a - Airstrike             Air            ####......   4%          4    N/A
d - Lightning Bolt        Conj/Air       ###.......   45%         5    N/A
e - Shock                 Conj/Air       ###.         1%          1    N/A
z - Swiftness             Chrm/Air       ###.....     3%          2    N/A

Your spell library contained the following spells:

 Spells                   Type           Power        Failure   Level  Hunger
 Static Discharge         Conj/Air       ###.....     5%          3    N/A

Dungeon Overview and Level Annotations

Branches:
Dungeon (7/15)             Temple (1/1) D:6

Altars:
Ashenzari
Cheibriados
Elyvilon
Fedhas
Gozag
Hepliaklqana
Kikubaaqudgha
Makhleb
Nemelex Xobeh
Okawaru
Qazlal
Ru
Sif Muna
Trog
Uskayaw
Vehumet
Xom
Yredelemnul
Zin
The Shining One

Annotations:
D:7 1 transporter


Innate Abilities, Weirdness & Mutations

You do not eat or drink.
Your flesh is vulnerable to fire.
You are immune to poison.
Your flesh is cold resistant. (rC+)
You are immune to negative energy. (rN+++)
You are immune to unholy pain and torment.
You can survive without breathing.


Message History

Aiming: Airstrike (safe; 4% risk of failure)
Press: ? - help, Dir - move target cursor, f - killer bee
Aim: a killer bee The air twists around and violently strikes the killer bee!
You kill the killer bee!
Sif Muna accepts your kill. Sif Muna grants you divine energy.
You briefly lose access to your magic!
The killer bee closely misses you.
The killer bee stings you but does no damage.
The killer bee closely misses you. The killer bee closely misses you.
You regain access to your magic.
The killer bee stings you but does no damage.
Casting: Airstrike (safe; 4% risk of failure)
Confirm with . or Enter, or press ? or * to list all spells.
Aiming: Airstrike (safe; 4% risk of failure)
Press: ? - help, Dir - move target cursor, f - killer bee
Aim: a killer bee The air twists around and violently strikes the killer bee!
The killer bee is severely wounded.
Sif Muna grants you divine energy.
You briefly lose access to your magic!
The killer bee closely misses you. The killer bee misses you.
The killer bee barely misses you. The killer bee barely misses you.
The killer bee stings you! The killer bee completely misses you.
You regain access to your magic.
The killer bee barely misses you.
Casting: Airstrike (safe; 4% risk of failure)
Confirm with . or Enter, or press ? or * to list all spells.
Aiming: Airstrike (safe; 4% risk of failure)
Press: ? - help, Dir - move target cursor, f/p - killer bee
Aim: a killer bee (severely wounded)
The air twists around and violently strikes the killer bee!
You kill the killer bee!
Sif Muna accepts your kill. Sif Muna grants you divine energy.
You briefly lose access to your magic!
The killer bee stings you! The killer bee stings you.
* * * LOW HITPOINT WARNING * * *
The killer bee barely misses you. The killer bee closely misses you.
The killer bee stings you.
* * * LOW HITPOINT WARNING * * *
You regain access to your magic.
Casting: Airstrike (safe; 4% risk of failure)
Confirm with . or Enter, or press ? or * to list all spells.
Aiming: Airstrike (safe; 4% risk of failure)
Press: ? - help, Dir - move target cursor, f - killer bee
Aim: a killer bee The air twists around and violently strikes the killer bee!
The killer bee is almost dead.
Sif Muna grants you divine energy.
You briefly lose access to your magic!
The killer bee stings you!
* * * LOW HITPOINT WARNING * * *
The killer bee misses you. The killer bee barely misses you.
The killer bee stings you.
* * * LOW HITPOINT WARNING * * *
Found a transporter.
The killer bee stings you.
* * * LOW HITPOINT WARNING * * *
A scorpion comes into view.
You regain access to your magic.
The killer bee stings you!
You die...

?..........).....#
.†.....#########+######
..†....# .s.........
###.#######..........
#.......#.........
#######.#.. ..... #.#..
... #.#.# #.# #.#.# #@#
#.#.####y# #........#
###.####.# ...# #.#
#.### .©. ... #### ##.
### #. .©.


You could see a scorpion (sleeping) and a killer bee.

Vanquished Creatures
  A water moccasin (D:6)
  An ice beast (D:6)
  A sky beast (D:6)
  2 ogres
  A phantom (D:5)
  A bullfrog (D:6)
  4 killer bees (D:7)
  3 wights (D:6)
  A crimson imp (D:5)
  A bullfrog zombie (D:6)
  2 hounds (D:5)
  A bullfrog skeleton (D:4)
  2 orc wizards
  An orc priest (D:5)
  A centaur skeleton (D:5)
  3 iguanas
  3 worker ants
  A hound skeleton (D:4)
  A howler monkey skeleton (D:5)
  6 adders
  A shadow imp (D:7)
  An ooze (D:1)
  An adder skeleton (D:5)
  A worm (D:2)
  A dart slug (D:1)
  5 leopard geckos
  5 orcs
  4 giant cockroaches
  13 goblins
  13 hobgoblins
  8 jackals
  7 kobolds
  4 quokkas
  A ball python (D:4)
  5 bats
  8 frilled lizards
  A leopard gecko skeleton (D:5)
  A quokka skeleton (D:5)
  8 rats
125 creatures vanquished.

Notes
Turn   | Place    | Note
-------+----------+-------------------------------------------
     0 | D:1      | Amnesiac the Mummy Air Elementalist began the quest for the
                  | Orb.
     0 | D:1      | Reached XP level 1. HP: 13/13 MP: 4/4
   238 | D:3      | Reached XP level 2. HP: 11/19 MP: 2/5
   242 | D:3      | Learned a level 2 spell: Swiftness
   407 | D:4      | Got a faintly glowing quarterstaff
   413 | D:3      | Identified the cursed +0 quarterstaff of Doom {flame, Str+5
                  | SInv} (You found it on level 4 of the Dungeon)
   777 | D:4      | Reached XP level 3. HP: 15/24 MP: 0/7
   878 | D:5      | Entered Level 5 of the Dungeon
  1003 | D:4      | Noticed an earth elemental
  1005 | D:4      | Found a stormy altar of Qazlal.
  1006 | D:4      | Noticed a fire elemental
  1006 | D:4      | Noticed a water elemental
  1006 | D:4      | Noticed an air elemental
  1145 | D:4      | Reached XP level 4. HP: 13/30 MP: 1/9
  1151 | D:4      | Learned a level 4 spell: Airstrike
  1525 | D:5      | Reached XP level 5. HP: 28/35 MP: 5/11
  1551 | D:5      | Learned a level 5 spell: Lightning Bolt
  1557 | D:5      | Noticed a phantom
  1590 | D:5      | Killed a phantom
  1765 | D:5      | Found a glowing silver altar of Zin.
  1765 | D:5      | Noticed an angel
  1767 | D:5      | Found a shimmering altar of Xom.
  1769 | D:5      | Reached XP level 6. HP: 41/41 MP: 10/13
  1861 | D:5      | Reached skill level 5 in Spellcasting
  1861 | D:5      | Reached skill level 5 in Air Magic
  1915 | D:5      | Found a sparkling altar of Nemelex Xobeh.
  1915 | D:5      | Found an opulent altar of Gozag.
  2272 | D:5      | Found a hide-covered altar of Uskayaw.
  2274 | D:5      | Found a shattered altar of Ashenzari.
  2484 | D:5      | Reached XP level 7. HP: 30/46 MP: 10/15
  3164 | D:6      | Found a blossoming altar of Fedhas.
  3187 | D:6      | Found a staircase to the Ecumenical Temple.
  3200 | D:6      | Found a stormy altar of Qazlal.
  3315 | Temple   | Entered the Ecumenical Temple
  3320 | Temple   | Became a worshipper of Sif Muna the Loreminder
  4375 | D:2      | Reached XP level 8. HP: 52/52 MP: 0/18
  4496 | D:2      | Found a glowing golden altar of the Shining One.
  5120 | D:6      | Reached * piety under Sif Muna
  5498 | D:7      | Found a transporter.
  5499 | D:7      | HP: 2/52 [killer bee (4)]
  5500 | D:7      | Mangled by a killer bee

Vault maps used:
D:1:      elethiomel_arrival_shortcut, minmay_surrounded
D:2:      marbit_many_paths, first_ration
D:4:      nicolae_qazlal_style_of_elements
D:5:      grunt_temple_overflow_order_and_chaos_1,
          grunt_temple_overflow_opulence,
          chequers_temple_overflow_statue_of_worship
D:6:      grunt_temple_overflow_forces_of_nature,
          minmay_temple_entry_purple_smoke
D:7:      gammafunk_beogh_shrine, grunt_livestock, grunt_dithmenos_shadows
Temple:   minmay_freezing_vapour_temple

Skill      XL: |  1  2  3  4  5  6  7  8 |
---------------+-------------------------+-----
Air Magic      | 3 4 5 6 7 |  7.8
Spellcasting   | 3 4 5 6 7 |  7.8
Dodging        | |  1.5
Stealth        | |  1.5
Conjurations   | |  0.7

Action                   |  1- 3 |  4- 6 |  7- 9 || total
-------------------------+-------+-------+-------++-------
Melee: Unarmed           |     8 |       |       ||     8
       Whip              |     4 |       |       ||     4
       Quarterstaff      |     4 |     9 |    43 ||    56
Throw: Tomahawk          |     1 |       |       ||     1
 Cast: Shock             |    41 |    72 |    56 ||   169
       Airstrike         |       |     3 |    58 ||    61
Invok: Divine Energy     |       |       |     1 ||     1
  Use: Scroll            |       |       |     5 ||     5
 Stab: Sleeping          |     1 |     1 |     1 ||     3
Armor: Robe              |     7 |     3 |    11 ||    21
Dodge: Dodged            |    41 |    29 |    68 ||   138

Table legend:
 A = Non-vault XP
 B = Vault XP
 C = Vault XP percentage of total XP
 D = Non-vault monster count
 E = Vault monster count
 F = Vault count percentage of total count
                 A         B        C        D         E       F
            +---------+---------+-------+---------+---------+-------
      Total |    2169 |      12 |   0.6 |     120 |       5 |   4.0
            +---------+---------+-------+---------+---------+-------
        D:1 |      45 |      11 |  19.6 |      25 |       4 |  13.8
        D:2 |      51 |       1 |   1.9 |      23 |       1 |   4.2
        D:3 |      35 |       0 |   0.0 |      13 |       0 |   0.0
        D:4 |      95 |       0 |   0.0 |       8 |       0 |   0.0
        D:5 |     650 |       0 |   0.0 |      26 |       0 |   0.0
        D:6 |    1025 |       0 |   0.0 |      20 |       0 |   0.0
        D:7 |     268 |       0 |   0.0 |       5 |       0 |   0.0
            +---------+---------+-------+---------+---------+-------
